 Dungeon Crawl Stone Soup version 0.30-a0-949-g53dc5368d7 (webtiles) character file.

Game seed: 11281100297603725884

594386 Pooter the Crack Shot (level 26, -2/246 HPs)
             Began as a Minotaur Berserker on Mar 25, 2023.
             Was a High Priest of Trog.
             Slain by a green draconian monk (20 damage)
             ... led by a black draconian knight
             ... on level 2 of the Realm of Zot on Mar 28, 2023.
             The game lasted 06:50:18 (121296 turns).

Pooter the Crack Shot (Minotaur Berserker)        Turns: 121296, Time: 06:50:19

Health: -2/246     AC: 35    Str: 25    XL:     26   Next: 30%
Magic:  22/22      EV: 17    Int:  6    God:    Trog [*****.]
Gold:   9818       SH:  5    Dex: 20    Spells: 25/25 levels left

rFire   + + +      SeeInvis +    a - +9 battleaxe (heavy)
rCold   + + +      Faith    .    (shield currently unavailable)
rNeg    . . .      Spirit   .    k - +6 gold dragon scales
rPois   +          Reflect  +    T - +2 hat {Stlth+}
rElec   .          Rampage  .    S - scarf {rC+ rF+}
rCorr   .          Clarity  +    B - +3 pair of gauntlets of War {Slay+5}
Will    +++++                    X - +2 pair of boots "Totteb" {rF+ Str-4 Dex+3 Stlth+}
Stlth   ++                       V - amulet "Raugor" {Reflect rC+ Will+ SH+5 SInv}
HPRegen 1.61/turn                g - +4 ring of slaying
MPRegen 0.18/turn                K - ring of Roskoacy {Will+ Str+4 Slay+4 SInv}

@: strong-willed, on berserk cooldown, regenerating, slowed, studying 4 skills,
very slow
A: horns 2, retaliatory headbutt, clarity, cold resistance 1, deformed body
}: 3/15 runes: decaying, silver, gossamer
a: Renounce Religion, Berserk, Trog's Hand, Brothers in Arms


You were on level 2 of the Realm of Zot.
You worshipped Trog.
Trog was extremely pleased with you.
You visited 12 branches of the dungeon, and saw 49 of its levels.
You visited the Abyss 1 time.
You visited 1 ziggurat, and saw 7 of its levels.
You also visited: Ice Cave.

You collected 12519 gold pieces.
You spent 2701 gold pieces at shops.

Inventory:

Hand Weapons
 a - a +9 heavy battleaxe (weapon)
   (You took it off a wight on level 6 of the Dungeon)
 b - a +0 triple crossbow of freezing
   (You found it on level 5 of the Vaults)
 R - the +12 battleaxe of Chaos {flame, +Blink rC+ Will++ rCorr}
   (Trog gifted it to you on level 2 of the Depths)

   rC:        It protects you from cold.
   +Blink:    It lets you blink.
   rCorr:     It protects you from acid and corrosion.
   Will:      It greatly increases your willpower.
 W - a +9 antimagic battleaxe
   (Trog gifted it to you on level 3 of the Spider Nest)
Missiles
 j - 35 boomerangs (quivered)
 l - 14 javelins
 o - 18 curare-tipped darts
 s - 7 silver boomerangs
Armour
 i - a scarf of repulsion
   (You found it on level 2 of the Elven Halls)
 k - +6 gold dragon scales (worn)
   (You found it on level 4 of the Depths)
 B - the +3 pair of gauntlets of War (worn) {Slay+5}
   (You acquired it on level 7 of the Dungeon)

   Slay:      It affects your accuracy & damage with ranged weapons and melee
   (+5).
 S - a scarf of resistance (worn)
   (You found it in an ice cave)
 T - a +2 hat of stealth (worn)
   (You found it on level 4 of the Lair of Beasts)
 X - the +2 pair of boots "Totteb" (worn) {rF+ Str-4 Dex+3 Stlth+}
   (You bought it in a shop on level 1 of the Orcish Mines)

   Str:       It affects your strength (-4).
   Dex:       It affects your dexterity (+3).
   rF:        It protects you from fire.
   Stlth:     It makes you more stealthy.
Jewellery
 c - the ring of the Oligarchy {Contam rElec rPois rCorr Str+3}
   (You took it off a deep elf high priest on level 3 of the Elven Halls)

   [ring of resist corrosion]

   Str:       It affects your strength (+3).
   rElec:     It insulates you from electricity.
   rPois:     It protects you from poison.
   Contam:    It causes magical contamination when unequipped.
   rCorr:     It protects you from acid and corrosion.
 g - a +4 ring of slaying (left hand)
   (You found it on level 4 of the Dungeon)
 C - a ring of resist corrosion
   (You found it on level 5 of the Lair of Beasts)
 F - the ring of Dugefu {rF+ EV+5}
   (You found it on level 1 of the Realm of Zot)

   [ring of evasion]

   EV:        It affects your evasion (+5).
   rF:        It protects you from fire.
 I - the ring "Minnis" {rPois rC+++ MP+9 Dex-2 SInv}
   (You found it on level 6 of a ziggurat)

   [ring of magical power]

   Dex:       It affects your dexterity (-2).
   rC:        It renders you almost immune to cold.
   rPois:     It protects you from poison.
   MP:        It affects your magic capacity (+9).
   SInv:      It lets you see invisible.
 K - the ring of Roskoacy (right hand) {Will+ Str+4 Slay+4 SInv}
   (You found it in an ice cave)

   [ring of see invisible]

   Str:       It affects your strength (+4).
   Slay:      It affects your accuracy & damage with ranged weapons and melee
   (+4).
   SInv:      It lets you see invisible.
   Will:      It increases your willpower.
 N - a ring of flight
   (You found it on level 2 of the Lair of Beasts)
 V - the amulet "Raugor" (around neck) {Reflect rC+ Will+ SH+5 SInv}
   (You took it off a deep elf death mage on level 3 of the Elven Halls)

   [amulet of reflection]

   It reflects blocked missile attacks.
   rC:        It protects you from cold.
   SInv:      It lets you see invisible.
   SH:        It affects your SH (+5).
   Will:      It increases your willpower.
 Z - a ring of willpower
   (You found it on level 13 of the Dungeon)
Wands
 f - a wand of flame (53)
   (You found it on level 11 of the Dungeon)
 u - a wand of quicksilver (35)
   (You found it in an ice cave)
 w - a wand of charming (30)
   (You found it on level 5 of the Dungeon)
 D - a wand of digging (23)
   (You found it on level 3 of the Elven Halls)
 E - a wand of polymorph (34)
   (You found it on level 8 of the Dungeon)
 P - a wand of mindburst (14)
   (You found it on level 2 of the Lair of Beasts)
 U - a wand of roots (37)
   (You found it on level 1 of the Lair of Beasts)
Scrolls
 h - 8 scrolls of immolation {!r}
 p - 3 scrolls of silence
 t - 20 scrolls of teleportation {@r4}
 v - 5 scrolls of poison {!r}
 x - 9 scrolls of fog
 J - 10 scrolls of blinking
 Y - 4 scrolls of magic mapping
Potions
 d - 18 potions of heal wounds {@q2}
 e - a potion of resistance
 m - 8 potions of attraction {!q}
 n - 5 potions of might
 q - 5 potions of mutation {!q}
 r - 3 potions of flight
 z - 15 potions of lignification {!q}
 A - 7 potions of haste {@q3}
 H - 6 potions of invisibility
 M - 24 potions of curing {@q1}
 Q - 4 potions of cancellation
Miscellaneous
 y - a box of beasts (inert)
   (You found it on level 3 of the Elven Halls)
 G - a phantom mirror
   (You found it on level 3 of the Depths)
 L - a tin of tremorstones (2/2)
   (You found it in an ice cave)
 O - a condenser vane
   (You found it on level 7 of a ziggurat)


   Skills:
 - Level 22.1 Fighting
 - Level 24.0 Axes
 * Level 24.2 Ranged Weapons
 - Level 19.3 Throwing
 + Level 23.5 Armour
 - Level 20.8 Dodging
 - Level 17.7 Stealth
 - Level 12.9 Evocations


You had 25 spell levels left.
You didn't know any spells.
Your spell library was empty.

Dungeon Overview and Level Annotations

Branches:
Dungeon (15/15)            Temple (0/1) D:7            Lair (5/5) D:8
  Swamp (4/4) Lair:3       Spider (4/4) Lair:2        Slime (0/5) Lair:4
    Orc (2/2) D:9             Elf (3/3) Orc:2        Vaults (5/5) D:13
  Crypt (3/3) Vaults:2       Tomb (1/3) Crypt:3      Depths (4/4) D:15
   Hell (visited)             Zot (2/5) Depths:4      IceCv (visited)
    Dis: Hell:1         Geh: Hell:1         Coc: Hell:1         Tar: Hell:1

Altars:
Cheibriados
Elyvilon
Gozag
Kikubaaqudgha
Makhleb
Nemelex Xobeh
Okawaru
Ru
Trog
Uskayaw
Vehumet
Xom
Yredelemnul
Zin
The Shining One
Jiyva

Shops:
D:2 !   D:4 =   D:6 *   D:7 *   D:11 [   Orc:1 [==[(   Orc:2 (=!*   Elf:3 *
Depths:2 !   Depths:3 :

Portals:
Hell: Depths:1 Depths:2 Depths:3 Depths:4
Abyss: Depths:3
Pandemonium: Depths:2 Depths:3

Annotations:
Spider:1 3 runed translucent doors, jlumianski's ghost, journeyman DsFi
Elf:2 3 runed translucent doors
Hell Geryon


Innate Abilities, Weirdness & Mutations

You have a pair of horns on your head.
You reflexively headbutt those who attack you in melee.
You possess an exceptional clarity of mind.
Your flesh is cold resistant. (rC+)
Armour fits poorly on your strangely shaped body.


Message History

The purple draconian barely misses you.
The black draconian knight casts a spell at you.
The shard of ice reflects off an invisible shield around you!
The shard of ice hits the black draconian knight!
You kill the black draconian knight!
Trog accepts your kill.
Trog appreciates your killing of a magic user.
Unknown command.
A red film seems to cover your vision as you go berserk!
You feel yourself moving faster!
You feel mighty! The purple draconian barely misses you.
A green draconian and a purple draconian come into view.
You feel a strong urge to attack something.
The green draconian roars!
The purple draconian roars!
The purple draconian hits you with a +0 trident.
* * * LOW HITPOINT WARNING * * *
The green draconian hits you but does no damage.
Things that are here:
a +3 long sword; a +2 cloak of stealth You open the purple draconian like a pillowcase!!!
You slash the purple draconian! You headbutt the purple draconian!!
The green draconian closely misses you.
The purple draconian hits you but does no damage.
You cut the purple draconian into ribbons!!!
You kill the purple draconian!
Trog accepts your kill.
A green draconian monk comes into view.
The green draconian hits you but does no damage.
Things that are here:
a +0 trident; a +0 flail; a +0 flail You cut the green draconian into ribbons!!!!
You headbutt the green draconian!
You kill the green draconian!
Trog accepts your kill.
A yellow draconian comes into view. It is wielding a +0 halberd.
You slice the purple draconian like a ripe choko!!!
Your headbutt misses the purple draconian.
The purple draconian hits you but does no damage.
A black draconian knight comes into view.
It is wielding a +0 war axe.
You open the purple draconian like a pillowcase!!!
You kill the purple draconian!
Trog accepts your kill.
You hear a roar!
You are no longer berserk.
You are exhausted.
You feel yourself slow down.
Items here: ))))) [[ †††.
You open the lid... ...and a mature fireox beast leaps out!
The box is emptied!
The green draconian monk hits you!!
You die...

*****,******* #..#######.##.
*,,,,,,,*,* #.........†##.
*,**,****,* ##.##########. *,**,*
*,* #.# #. *,**,* *,***
####.########*#. *,**,* *,,,*
#............,#. *,**,* **,,*
#.##..#####..,.. *,,,,*
#..######)##..# *,*,** ***,,*
#.dq..q@))##.## *,*,,,
,,,,,****#..######H##+#*****+****
***,,,,,,,>,* #.#,,,,,,,,,,*
***+******+**** #.#,,,,,,,,,,*
,,,,,,,,,,,,,,***#.#,,,,,,,,,,*
,,,,,,,,,****,+,,..#,,,,,,,,,,*
,,,,,,,,,*~~*,***..#,,,,,,,,,,*
,,,,,,,,,*~~*,* *,.#,,,,,,,,,,*
,,,,,,,,,****,* *,,*,,,,,,,,,,*


You could see a green draconian monk (ally target), a black draconian knight, a
yellow draconian and a friendly mature fireox beast (summoned).

Vanquished Creatures
  2 dread liches
  2 orbs of fire (Zot:1)
  4 ancient liches
  Mara (Swamp:3)
  2 juggernauts
  Sojobo (Depths:4)
  Saint Roka (Depths:4)
  Bai Suzhen (Crypt:3)
  Xtahua (Vaults:4)
  2 curse toes (Zot:1)
  6 golden dragons
  Jory (Vaults:4)
  Nikola (Swamp:4)
  2 bone dragons (Crypt:3)
  An electric golem (Zot:2)
  Arachne (Spider:2)
  2 hellephants
  9 tentacled monstrosities
  Rupert (D:13)
  4 liches
  Asterion (Depths:1)
  A walking earthen tome (Depths:3)
  An acid blob (Zig:2)
  A deep elf blademaster (Elf:3)
  2 deep elf master archers (Elf:3)
  2 quicksilver dragons
  8 death cobs
  14 ancient champions
  7 tengu reavers
  3 tentacled starspawn (Abyss:3)
  11 sphinxes
  6 storm dragons
  11 shadow dragons
  Roxanne (D:14)
  The ghost of Qymaymp the Geomancer, an adept GrEE of Vehumet (D:14)
  5 thorn hunters
  2 draconian monks
  2 revenants
  6 nagarajas
  14 fire giants
  4 fenstrider witches (Swamp:4)
  The ghost of cforsyth the Warrior, an adept VSFi of Uskayaw (Spider:3)
  8 emperor scorpions
  2 draconian knights
  A draconian shifter (Zot:2)
  8 frost giants
  17 vault wardens
  4 ghost moths
  8 ghouls
  4 deep elf sorcerers (Elf:3)
  A draconian scorcher (Zot:1)
  2 curse skulls
  3 orc warlords
  3 spriggan defenders
  23 very ugly things
  6 cacodemons
  2 deep elf elementalists (Elf:3)
  22 ironbound preservers
  15 stone giants
  2 juggernaut skeletons (Crypt:3)
  A draconian annihilator (Zot:2)
  4 war gargoyles
  2 draconian stormcallers
  3 caustic shrike skeletons (Crypt:3)
  The ghost of Mexzoddasi the Bludgeoner, a journeyman MiBe of Trog (D:13)
  3 broodmothers
  5 black draconians
  7 green draconians
  A putrid mouth (Depths:1)
  6 ironbound thunderhulks
  8 eleionomae
  5 white draconians (Zot:1)
  7 deep elf demonologists
  The ghost of Avaziugi the Black Belt, a journeyman OpTm of Jiyva (Lair:4)
  10 deep elf annihilators
  4 purple draconians
  A bunyip (Swamp:2)
  A bunyip (shapeshifter) (Vaults:2)
  2 yellow draconians
  2 bennus (Zig:3)
  9 vampire knights
  16 spark wasps
  8 dire elephants
  6 red draconians
  2 blizzard demons (Swamp:4)
  9 deep elf death magi
  6 ettins
  3 eidola
  An iron golem (Depths:1)
  4 crystal guardians
  8 jiangshi
  5 mummy priests
  A shambling mangrove (Swamp:4)
  11 entropy weavers
  A fenstrider witch zombie (Crypt:3)
  6 fire dragons
  4 great orbs of eyes
  9 yaktaur captains
  4 deep elf high priests (Elf:3)
  40 vault guards
  3 salamander tyrants (Depths:2)
  2 spriggan zombies (Crypt:1)
  5 ice dragons
  5 spriggan air magi
  Harold (D:11)
  11 hydras
  2 peacekeepers
  2 fenstrider witch skeletons (Crypt:3)
  5 spriggan skeletons
  10 centaur warriors
  6 ghost crabs (Swamp:1)
  2 radroaches
  7 boulder beetles
  An anaconda (shapeshifter) (Abyss:3)
  6 ogre magi
  13 ironbound frosthearts
  A jorogumo (Spider:3)
  2 anacondas (Depths:1)
  15 deep troll shamans
  3 death knights (Crypt:1)
  20 two-headed ogres
  16 hell hogs
  17 dancing weapons
  4 tengu warriors
  5 alligators
  A death yak (Lair:1)
  A spriggan berserker (Swamp:4)
  10 naga warriors (Depths:1)
  An azure jelly zombie (Crypt:2)
  A thrashing horror (Abyss:3)
  12 deep troll earth magi
  5 vampire magi
  4 orc high priests
  7 sun demons
  33 spriggans
  56 skeletal warriors
  4 titan skeletons (Crypt:3)
  2 wretched stars (Abyss:3)
  4 deep elf knights
  7 hell knights
  8 soul eaters
  2 sixfirhies
  A spatial maelstrom (Abyss:3)
  6 iron trolls
  Lodul (D:11)
  A skyshark (Lair:5)
  4 shadow wraiths
  A bunyip zombie (Tomb:1)
  A sun moth (Spider:4)
  5 pharaoh ants
  5 sea snakes (Depths:1)
  3 goliath frogs
  10 swamp dragons
  19 orb spiders
  5 flayed ghosts
  4 glowing orange brains
  10 spriggan druids
  76 deep trolls
  8 deep elf archers
  A bunyip skeleton (Crypt:1)
  7 wizards
  4 large abominations (Abyss:3)
  14 lindwurms
  6 spectral wolf spiders (Spider:2)
  10 bog bodies
  16 orc knights
  10 phantasmal warriors
  An iron giant skeleton (Crypt:1)
  21 ironbound convokers
  7 harpies
  12 necromancers
  6 steelbarb worms
  32 deep elf pyromancers
  A shadow dragon skeleton (Crypt:1)
  An iron dragon zombie (Crypt:1)
  18 deep elf zephyrmancers
  30 wolf spiders
  37 ugly things
  4 wolf spider zombies
  10 orc sorcerers
  A manticore (shapeshifter) (Vaults:1)
  3 cyclopes
  22 elephants
  7 will-o-the-wisps
  3 manticores
  An iron dragon skeleton (Crypt:3)
  A salamander (Depths:1)
  11 moths of wrath
  A moth of wrath (shapeshifter) (Vaults:5)
  Joseph (D:8)
  A dire elephant zombie (Crypt:2)
  5 apocalypse crabs (Swamp:1)
  3 ice statues (IceCv)
  4 smoke demons
  A molten gargoyle (Depths:1)
  A stone giant skeleton (Crypt:3)
  4 guardian serpents (Depths:1)
  A centaur zombie (Crypt:1)
  A naga zombie (Crypt:1)
  8 vault sentinels
  6 orange demons
  A gargoyle (D:12)
  3 naga magi (Depths:1)
  2 demonic crawlers
  6 black mambas
  An alligator snapping turtle zombie (Crypt:2)
  A hellion (Hell)
  3 kobold demonologists
  A torpor snail (shapeshifter) (Depths:4)
  An eye of devastation (shapeshifter) (Vaults:1)
  7 cane toads
  3 centaur skeletons
  2 pale draconian zombies
  7 torpor snails
  A dire elephant skeleton (Crypt:3)
  2 elephant slug zombies
  5 rime drakes
  A tormentor (Hell)
  3 ice devils
  A komodo dragon (shapeshifter) (Vaults:5)
  25 yaktaurs
  2 anaconda simulacra (IceCv)
  2 tengu conjurers
  9 komodo dragons
  A purple draconian zombie (Crypt:1)
  4 freezing wraiths
  A grey draconian skeleton (Crypt:1)
  A harpy zombie (Crypt:2)
  11 guardian mummies
  2 red devils
  10 trolls
  4 hellwings
  2 polar bears (Lair:5)
  A burning bush (Lair:2)
  A hydra zombie (Crypt:1)
  12 meliai
  3 bloated husks
  5 tyrant leeches
  5 harpy skeletons
  A mana viper skeleton (Crypt:2)
  A moth of wrath zombie (Crypt:3)
  38 tarantellas
  2 queen bees (shapeshifter)
  13 blink frogs
  2 wolf spider simulacra (Spider:2)
  24 hornets
  A tarantella zombie (Crypt:1)
  13 dream sheep
  3 saltlings (Vaults:4)
  38 jumping spiders
  26 slime creatures
  A stone giant simulacrum (Crypt:1)
  3 raiju (Abyss:3)
  An ice dragon skeleton (Crypt:3)
  A culicivora (shapeshifter) (Vaults:5)
  7 flying skulls
  A ynoxinul (Abyss:2)
  5 basilisks
  2 shadows
  3 water elementals
  20 culicivoras
  18 wraiths
  2 air elementals (Elf:1)
  4 fire elementals
  31 yaks
  A vampire (D:9)
  18 humans
  A human (shapeshifter) (D:14)
  4 wyverns
  Grum (D:8)
  A black mamba skeleton (Crypt:3)
  A naga simulacrum (Crypt:2)
  3 chaos spawn
  A golden eye (shapeshifter) (Abyss:3)
  63 redbacks
  A steam dragon (D:9)
  13 vampire mosquitoes
  3 neqoxecs
  2 death yak simulacra (IceCv)
  3 spatial vortices (Abyss:3)
  5 wargs
  3 harpy simulacra
  A naga (Zig:1)
  A two-headed ogre zombie (Crypt:1)
  A glowing shapeshifter zombie (Crypt:3)
  An acid dragon (D:9)
  16 swamp worms
  A glowing shapeshifter skeleton (Crypt:3)
  8 water moccasins
  A faun skeleton (Crypt:3)
  3 floating eyes (Abyss:3)
  A demonspawn skeleton (Crypt:2)
  A naga skeleton (Crypt:3)
  A swamp drake (Swamp:2)
  5 hell hounds
  6 ice beasts
  10 black bears
  A sky beast (D:7)
  47 orc warriors
  21 ogres
  A boggart (shapeshifter) (Vaults:5)
  26 centaurs
  30 wolves
  4 boggarts
  A lindwurm zombie (Crypt:1)
  A swamp dragon skeleton (Crypt:1)
  2 phantoms
  A snapping turtle skeleton (Crypt:1)
  10 kobold brigands
  8 gnoll sergeants
  7 bullfrogs
  A komodo dragon zombie (Crypt:3)
  3 necrophages (Crypt:2)
  2 cane toad simulacra (IceCv)
  35 wights
  A wyvern zombie (Crypt:2)
  4 scorpions
  6 killer bees
  5 electric eels
  10 howler monkeys
  A crimson imp (D:7)
  5 small abominations
  2 hounds (D:6)
  25 orc priests
  A jelly (D:4)
  3 gnoll boudas
  2 sleepcaps
  3 iguanas
  20 orc wizards
  2 polar bear simulacra
  3 hell rats (Lair:3)
  A wolf simulacrum (IceCv)
  A killer bee zombie (Crypt:2)
  5 mummies
  Robin (D:3)
  33 gnolls
  13 adders
  8 river rats (Lair:3)
  A shadow imp (D:7)
  6 white imps
  An adder zombie (D:3)
  A worm zombie (Crypt:1)
  A worm (D:2)
  3 dart slugs
  77 orcs
  13 ball pythons
  6 endoplasms
  2 giant cockroaches
  10 goblins
  8 hobgoblins
  5 jackals
  30 kobolds
  7 quokkas
  A ball python skeleton (Crypt:2)
  4 bats
  5 frilled lizards
  A giant cockroach zombie (D:3)
  A gnoll skeleton (Crypt:3)
  A gnoll zombie (Crypt:2)
  10 rats
  A bush (Lair:2)
  3 starspawn tentacles (Abyss:3)
2471 creatures vanquished.

Vanquished Creatures (collateral kills)
  A deep elf blademaster (Elf:3)
  A fire dragon (Depths:4)
  A two-headed ogre (D:14)
  A wolf spider (Zig:7)
  A kobold demonologist (D:13)
  A tarantella (Zig:7)
  An ogre (Zig:5)
  2 kobold brigands (D:13)
  An orc wizard (Zig:5)
10 creatures vanquished.

Vanquished Creatures (others)
  A very ugly thing (Vaults:2)
  An ironbound thunderhulk (Vaults:2)
  A yellow draconian (Zot:2)
  A naga warrior (Depths:1)
  A bloated husk (Swamp:2)
  A wind drake (shapeshifter) (Vaults:5)
  A tarantella (Spider:2)
  An ogre (D:9)
  An electric eel (Spider:4)
  A gnoll (Orc:1)
  6 foxfires (Swamp:3)
  38 fungi
  54 plants
  6 starspawn tentacles (Abyss:3)
114 creatures vanquished.

Grand Total: 2595 creatures vanquished

Notes
Turn   | Place    | Note
-------+----------+-------------------------------------------
     0 | D:1      | Pooter the Minotaur Berserker began the quest for the Orb.
     0 | D:1      | Reached XP level 1. HP: 19/19 MP: 0/0
   291 | D:1      | Reached XP level 2. HP: 24/27 MP: 1/1
   872 | D:2      | Reached skill level 1 in Ranged Weapons
   923 | D:2      | Reached XP level 3. HP: 33/33 MP: 2/2
  1103 | D:2      | You fall into a shaft and drop 1 floor!
  1115 | D:3      | Found a hide-covered altar of Uskayaw.
  1135 | D:3      | Noticed Robin
  1144 | D:3      | Reached ** piety under Trog
  1150 | D:3      | Killed Robin
  1151 | D:3      | Reached XP level 4. HP: 29/40 MP: 3/3
  1378 | D:2      | Reached skill level 5 in Axes
  1526 | D:2      | Found Vuniq's Distillery.
  1532 | D:2      | Identified a scroll of acquirement
  1533 | D:2      | Acquired the +5 arbalest of Ambiguity {freeze, Int+2}
  1548 | D:2      | Bought a potion of degeneration for 14 gold pieces
  1548 | D:2      | Bought a potion of heal wounds for 70 gold pieces
  1548 | D:2      | Bought a potion of curing for 42 gold pieces
  1893 | D:2      | Found a sacrificial altar of Ru.
  1901 | D:2      | Reached XP level 5. HP: 47/47 MP: 4/4
  2688 | D:3      | Found a basalt altar of Yredelemnul.
  2764 | D:4      | Noticed an ice beast
  2768 | D:4      | Killed an ice beast
  2769 | D:4      | Reached XP level 6. HP: 39/55 MP: 5/5
  2906 | D:4      | Reached skill level 5 in Fighting
  3157 | D:2      | Bought a potion of curing for 42 gold pieces
  3665 | D:4      | Found an iron altar of Okawaru.
  3672 | D:4      | Found a white marble altar of Elyvilon.
  3675 | D:4      | Found a bloodstained altar of Trog.
  3675 | D:4      | Found a snail-covered altar of Cheibriados.
  3684 | D:4      | Reached XP level 7. HP: 50/61 MP: 6/6
  3722 | D:4      | Found a sparkling altar of Nemelex Xobeh.
  3854 | D:4      | Reached skill level 5 in Ranged Weapons
  3906 | D:4      | Found Beqen's One-of-a-Kind Rings.
  4158 | D:4      | Reached *** piety under Trog
  4382 | D:5      | Entered Level 5 of the Dungeon
  4418 | D:5      | Reached XP level 8. HP: 70/70 MP: 7/7
  5020 | D:5      | Found an ancient bone altar of Kikubaaqudgha.
  5234 | D:6      | Found a glowing golden altar of the Shining One.
  5538 | D:6      | Identified the +5 sling "Ultimatum" {speed, Fly rC+ Str+4}
  5843 | D:6      | Found Locitzoz's Assorted Antiques.
  5875 | D:6      | Reached XP level 9. HP: 79/79 MP: 8/8
  5876 | D:6      | Bought a scroll of identify for 58 gold pieces
  5876 | D:6      | Bought a fuming ruby potion for 26 gold pieces
  5876 | D:6      | Bought a scroll of identify for 58 gold pieces
  6055 | D:6      | Reached skill level 10 in Axes
  6153 | D:7      | Found Atusoinera's General Store.
  6160 | D:7      | Reached **** piety under Trog
  6215 | D:7      | Acquired a manual of Throwing
  6217 | D:7      | Acquired the +3 pair of gauntlets of War {Slay+5}
  6217 | D:7      | Found the +3 pair of gauntlets of War {Slay+5}
  6254 | D:7      | Reached skill level 1 in Throwing
  6299 | D:7      | Found a staircase to the Ecumenical Temple.
  6437 | D:7      | Bought a scroll of fog for 52 gold pieces
  6560 | D:6      | Bought a scroll labelled ROREEH IRIUFF for 29 gold pieces
  6726 | D:7      | Found an opulent altar of Gozag.
  7058 | D:7      | Found a burning altar of Makhleb.
  7058 | D:7      | Found a shimmering altar of Xom.
  7263 | D:8      | Noticed a manticore
  7265 | D:8      | Killed a manticore
  7279 | D:8      | Noticed Grum
  7286 | D:8      | Killed Grum
  7286 | D:8      | Noticed a troll
  7287 | D:8      | Reached XP level 10. HP: 81/88 MP: 9/9
  7507 | D:8      | Found a staircase to the Lair.
  8276 | D:2      | Bought a potion of invisibility for 112 gold pieces
  8818 | D:8      | Noticed Joseph
  8832 | D:8      | Killed Joseph
  8833 | D:8      | Reached skill level 10 in Ranged Weapons
  9400 | D:9      | Reached skill level 5 in Throwing
  9719 | D:9      | Noticed a two-headed ogre
  9723 | D:9      | Killed a two-headed ogre
  9904 | D:9      | Reached skill level 5 in Armour
 11218 | D:9      | Noticed a red ugly thing
 11220 | D:9      | Killed a red ugly thing
 13354 | D:9      | Reached XP level 11. HP: 89/97 MP: 10/10
 14076 | D:9      | Reached ***** piety under Trog
 14405 | D:9      | Found a staircase to the Orcish Mines.
 15573 | D:10     | Entered Level 10 of the Dungeon
 15774 | D:10     | Noticed a two-headed ogre
 15778 | D:10     | Killed a two-headed ogre
 15955 | D:10     | Identified the +2 robe of Distant Worlds {*Slow rElec rPois
                  | Archmagi}
 16530 | D:7      | Bought a scroll of brand weapon for 123 gold pieces
 16837 | D:6      | Bought a scroll labelled ZOIKIU REOWN for 29 gold pieces
 17390 | D:10     | Upgraded the game from 0.30-a0-937-ga0a21ad780 to
                  | 0.30-a0-948-g4fa250aae5
 17496 | Lair:1   | Entered Level 1 of the Lair of Beasts
 17646 | D:8      | Reached skill level 10 in Fighting
 17837 | Lair:1   | Noticed a death yak
 17844 | Lair:1   | Killed a death yak
 17863 | Lair:1   | Reached XP level 12. HP: 106/106 MP: 11/11
 20386 | Lair:2   | Found a frozen archway.
 20398 | IceCv    | Entered an ice cave
 20602 | IceCv    | Reached skill level 15 in Axes
 20672 | IceCv    | Identified the ring of Roskoacy {Will+ Str+4 Slay+4 SInv}
 21152 | Lair:2   | Found a hole to the Spider Nest.
 21155 | Lair:2   | Reached skill level 10 in Throwing
 22162 | Lair:3   | Reached XP level 13. HP: 116/116 MP: 12/12
 22242 | Lair:3   | Found a staircase to the Swamp.
 23179 | Lair:3   | Identified the +10 executioner's axe of the Maze {flame,
                  | Dex+4} (Trog gifted it to you on level 3 of the Lair of
                  | Beasts)
 23179 | Lair:3   | Received a gift from Trog
 23278 | Lair:4   | Found a runed translucent door.
 23281 | Lair:4   | Noticed Avaziugi's ghost (journeyman OpTm)
 23329 | Lair:4   | Found a viscous altar of Jiyva.
 23330 | Lair:4   | Found a staircase to the Slime Pits.
 23682 | Lair:4   | Identified the +11 spear "Killer Klown's Foe" {freeze,
                  | SInv}
 23954 | Lair:4   | Killed Avaziugi's ghost
 24029 | Lair:5   | Entered Level 5 of the Lair of Beasts
 24457 | D:7      | Bought a potion of might for 52 gold pieces
 24589 | D:2      | Bought a potion of heal wounds for 70 gold pieces
 24589 | D:2      | Bought 3 potions of heal wounds for 210 gold pieces
 25022 | Lair:5   | Reached skill level 10 in Armour
 25102 | Lair:5   | Reached skill level 15 in Ranged Weapons
 25104 | Lair:5   | Reached XP level 14. HP: 127/127 MP: 13/13
 25581 | Lair:5   | Received a gift from Trog
 28567 | Orc:1    | Entered Level 1 of the Orcish Mines
 28567 | Orc:1    | Found Kebb's Jewellery Shoppe.
 28616 | Orc:2    | Entered Level 2 of the Orcish Mines
 28738 | Orc:1    | Noticed Sonja
 28738 | Orc:1    | Found Ystrolys's Weapon Shop.
 28964 | Orc:1    | Sonja changed into Sonja the human
 28964 | Orc:1    | Noticed Sonja
 28966 | Orc:1    | Killed Sonja the human
 29122 | Orc:1    | Found Adwidgh's Armour Emporium.
 29130 | Orc:1    | Bought the +2 pair of boots "Totteb" {rF+ Str-4 Dex+3
                  | Stlth+} for 408 gold pieces
 29433 | Orc:1    | Found Peiqowk's Armour Shop.
 29433 | Orc:1    | Found Wamnilil's Jewellery Boutique.
 29943 | Orc:2    | Found a staircase to the Elven Halls.
 30179 | Orc:2    | Reached ****** piety under Trog
 31363 | Orc:2    | Found Unoor's Jewellery Shop.
 31363 | Orc:2    | Found Agado's Distillery.
 31365 | Orc:2    | Found Diess's Assorted Antiques.
 31367 | Orc:2    | Found Nutef's Weapon Boutique.
 31372 | Orc:2    | Bought a potion of curing for 42 gold pieces
 31372 | Orc:2    | Bought a potion of might for 56 gold pieces
 31372 | Orc:2    | Bought a potion of curing for 42 gold pieces
 31372 | Orc:2    | Bought 2 potions of haste for 280 gold pieces
 31372 | Orc:2    | Bought a potion of curing for 42 gold pieces
 31374 | Orc:2    | Bought a scroll of blinking for 292 gold pieces
 31639 | D:11     | Found Veostikh's Armour Shop.
 31919 | D:11     | Received a gift from Trog
 31935 | D:11     | Noticed Harold
 32194 | D:11     | Killed Harold
 32510 | D:11     | Noticed Lodul
 32513 | D:11     | Killed Lodul
 33531 | D:12     | Reached XP level 15. HP: 136/136 MP: 14/14
 33857 | D:12     | Acquired the amulet of the Stag {Reflect MP-9 Dex+4 SH+5
                  | SInv Stlth+}
 34320 | D:13     | Found a runed translucent gate.
 34320 | D:13     | Found a runed translucent gate.
 34320 | D:13     | Found a runed translucent gate.
 34322 | D:13     | Noticed Mexzoddasi's ghost (journeyman MiBe)
 34375 | D:13     | Reached skill level 1 in Evocations
 34603 | D:13     | Found a gate to the Vaults.
 34689 | D:13     | Noticed Rupert
 34697 | D:13     | Killed Rupert
 35302 | D:13     | Killed Mexzoddasi's ghost
 35371 | D:13     | Identified the +6 mace "Omairuf" {drain, *Rage Dex+5 SInv}
 35517 | D:14     | Found an opulent altar of Gozag.
 35519 | D:14     | Found a transporter.
 35520 | D:14     | Noticed Qymaymp's ghost (adept GrEE)
 35527 | D:14     | Identified the +9 great mace "Fysm" {freeze, *Noise Str+3
                  | Dex+3}
 35527 | D:14     | Noticed a frost giant
 35663 | D:14     | Noticed Roxanne
 35672 | D:14     | Killed Roxanne
 35719 | D:14     | Received a gift from Trog
 35877 | D:15     | Entered Level 15 of the Dungeon
 36683 | D:15     | Found a staircase to the Depths.
 37387 | Elf:1    | Entered Level 1 of the Elven Halls
 37423 | Elf:1    | Paralysed by an air elemental for 1 turns
 37425 | Elf:1    | Paralysed by an air elemental for 1 turns
 37602 | Elf:1    | Reached XP level 16. HP: 134/145 MP: 6/15
 39699 | Elf:2    | Reached skill level 1 in Stealth
 39701 | Elf:2    | Found a runed translucent gate.
 39702 | Elf:2    | Found a runed translucent gate.
 39702 | Elf:2    | Found a runed translucent gate.
 40011 | Elf:3    | Entered Level 3 of the Elven Halls
 40258 | Elf:3    | Received a gift from Trog
 40343 | Elf:3    | Acquired 758 gold pieces
 40565 | Elf:3    | Noticed a deep elf blademaster
 40579 | Elf:3    | Killed a deep elf blademaster
 41056 | Elf:3    | Found Neugom's Assorted Antiques.
 41063 | Elf:3    | Bought a potion of cancellation for 280 gold pieces
 41562 | Elf:3    | Noticed a deep elf blademaster
 41565 | Elf:3    | Noticed a deep elf master archer
 41568 | Elf:3    | Killed a deep elf blademaster
 41569 | Elf:3    | Reached skill level 5 in Evocations
 42573 | Elf:3    | Killed a deep elf master archer
 44087 | Elf:3    | Received a gift from Trog
 44329 | Elf:3    | Identified the ring of the Oligarchy {Contam rElec rPois
                  | rCorr Str+3}
 45224 | Elf:3    | Identified the +3 short sword of Mastery {heavy, *Rage
                  | rF+++ Will++ Str+3}
 46034 | Elf:3    | Reached XP level 17. HP: 154/154 MP: 7/16
 46234 | Elf:3    | Identified the +1 glaive of Uncomfortable Rashes {spect,
                  | rC+}
 46959 | Elf:3    | Identified the amulet "Raugor" {Reflect rC+ Will+ SH+5
                  | SInv}
 47876 | Elf:3    | Noticed a deep elf master archer
 47880 | Elf:3    | Killed a deep elf master archer
 50021 | Elf:3    | Identified the +5 great sword of Wiwezyt {vamp, rF- Str+3
                  | Int+6}
 50021 | Elf:3    | Identified the ring "Ilyts" {rCorr Dex+3 SInv}
 52003 | Spider:1 | Entered Level 1 of the Spider Nest
 52303 | Spider:1 | Gained mutation: You have large cloven feet. [potion of
                  | mutation]
 52304 | Spider:1 | Lost mutation: You have large cloven feet. [potion of
                  | mutation]
 52304 | Spider:1 | Gained mutation: You have sharp fingernails. [potion of
                  | mutation]
 52304 | Spider:1 | Gained mutation: You passively map a small area around you.
                  | [potion of mutation]
 52367 | Spider:1 | Reached skill level 5 in Dodging
 52455 | Spider:1 | Reached skill level 15 in Fighting
 53371 | Spider:1 | Found a runed translucent gate.
 53371 | Spider:1 | Found a runed translucent gate.
 53372 | Spider:1 | Found a runed translucent gate.
 53372 | Spider:1 | Noticed jlumianski's ghost (journeyman DsFi)
 53612 | Spider:2 | Noticed Arachne
 54033 | Spider:2 | Reached skill level 15 in Armour
 54506 | Spider:2 | Killed Arachne
 57771 | Spider:3 | Reached XP level 18. HP: 60/166 MP: 17/17
 58404 | Spider:3 | Found a runed translucent door.
 58405 | Spider:3 | Noticed cforsyth's ghost (adept VSFi)
 58435 | Spider:3 | Killed cforsyth's ghost
 58810 | Spider:3 | Received a gift from Trog
 58894 | Spider:4 | Entered Level 4 of the Spider Nest
 59072 | Spider:4 | Reached skill level 5 in Stealth
 63904 | Spider:4 | Got a gossamer rune of Zot
 64401 | Swamp:1  | Entered Level 1 of the Swamp
 67423 | Swamp:1  | Found a runed translucent door.
 67670 | Swamp:1  | Received a gift from Trog
 68935 | Swamp:1  | Paralysed by you for 5 turns
 69343 | Swamp:1  | Glimpsed the power of Zot.
 70805 | Swamp:2  | Identified the +1 short sword "Launtom" {holy, rN++ Will-
                  | Str+5}
 73470 | Swamp:3  | Reached XP level 19. HP: 177/177 MP: 18/18
 74327 | Swamp:3  | Noticed Mara
 74334 | Swamp:3  | Noticed Pooter's illusion
 74850 | Swamp:4  | Entered Level 4 of the Swamp
 74854 | Swamp:4  | Noticed Nikola
 74864 | Swamp:4  | Killed Nikola
 76550 | Swamp:3  | Received a gift from Trog
 76783 | Swamp:3  | Noticed Pooter's illusion
 76802 | Swamp:3  | Killed Mara
 78202 | Swamp:4  | Reached skill level 10 in Evocations
 80752 | Swamp:4  | Got a decaying rune of Zot
 81105 | D:14     | Found a transporter.
 81124 | D:14     | Killed Qymaymp's ghost
 81311 | Vaults:1 | Entered Level 1 of the Vaults
 82038 | Vaults:1 | Identified the staff of fire "Ybra" {rF+ Will+ Dex+3
                  | Stlth+}
 82169 | Vaults:1 | Received a gift from Trog
 82298 | Vaults:1 | Reached XP level 20. HP: 178/188 MP: 19/19
 82947 | Vaults:1 | Identified the +5 dagger "Anuorcho" {heavy, rElec}
 85247 | Vaults:2 | Received a gift from Trog
 85811 | Vaults:2 | Found a staircase to the Crypt.
 85819 | Crypt:1  | Entered Level 1 of the Crypt
 86328 | Crypt:1  | Reached skill level 10 in Dodging
 86715 | Crypt:1  | Reached XP level 21. HP: 199/199 MP: 20/20
 87524 | Crypt:2  | Received a gift from Trog
 88693 | Crypt:3  | Entered Level 3 of the Crypt
 88948 | Crypt:2  | Received a gift from Trog
 89837 | Crypt:3  | Reached skill level 10 in Stealth
 89891 | Crypt:3  | Noticed an ancient lich
 89904 | Crypt:3  | Killed an ancient lich
 90390 | Crypt:3  | Found a staircase to the Tomb.
 91075 | Crypt:3  | Noticed Bai Suzhen
 91097 | Crypt:3  | Killed Bai Suzhen
 91213 | Crypt:3  | Noticed a dread lich
 91223 | Crypt:3  | Killed a dread lich
 91224 | Crypt:3  | Reached XP level 22. HP: 198/209 MP: 21/21
 91307 | Crypt:3  | Identified the +5 long sword of Precise Incision {elec,
                  | Contam rElec rN+++ Str+2}
 92840 | Tomb:1   | Entered Level 1 of the Tomb of the Ancients
 94305 | Vaults:3 | Reached skill level 15 in Throwing
 94501 | Vaults:3 | Received a gift from Trog
 95087 | Vaults:3 | Identified the +0 hand axe "Tohuom" {freeze, Dex+5}
 95537 | Vaults:3 | Reached skill level 15 in Dodging
 95960 | Vaults:4 | Received a gift from Trog
 95974 | Vaults:4 | Noticed Jory
 95982 | Vaults:4 | Killed Jory
 96690 | Vaults:4 | Acquired 877 gold pieces
 96954 | Vaults:4 | Received a gift from Trog
 96955 | Vaults:4 | Reached XP level 23. HP: 215/215 MP: 22/22
 97841 | Vaults:4 | Noticed Xtahua
 97848 | Vaults:4 | Killed Xtahua
 98117 | Depths:1 | Entered Level 1 of the Depths
 98382 | Depths:1 | Upgraded the game from 0.30-a0-948-g4fa250aae5 to
                  | 0.30-a0-949-g53dc5368d7
 98387 | Depths:1 | Found a gateway to Hell.
 98396 | Hell     | Entered the Vestibule of Hell
 98396 | Hell     | Noticed Geryon
 98502 | Depths:1 | Found a radiant altar of Vehumet.
 98942 | Depths:1 | Received a gift from Trog
 98957 | Depths:1 | Noticed Asterion
103266 | Depths:1 | Glimpsed the power of Zot.
103626 | Depths:1 | Killed Asterion
104395 | Depths:2 | Identified the +12 battleaxe of Chaos {flame, +Blink rC+
                  | Will++ rCorr} (Trog gifted it to you on level 2 of the
                  | Depths)
104395 | Depths:2 | Received a gift from Trog
104642 | Depths:2 | Found Uchuar's Distillery.
104653 | Depths:2 | Bought a potion of mutation for 136 gold pieces
104653 | Depths:2 | Bought a potion of curing for 51 gold pieces
104653 | Depths:2 | Bought a potion of heal wounds for 85 gold pieces
104741 | Depths:2 | Gained mutation: You occasionally lose the ability to read
                  | scrolls when taking damage. [a neqoxec]
104745 | Depths:2 | Lost mutation: You have sharp fingernails. [potion of
                  | mutation]
104745 | Depths:2 | Lost mutation: You occasionally lose the ability to read
                  | scrolls when taking damage. [potion of mutation]
104745 | Depths:2 | Lost mutation: You passively map a small area around you.
                  | [potion of mutation]
104745 | Depths:2 | Gained mutation: Your muscles are strong. (Str +4, Int/Dex
                  | -1) [potion of mutation]
104745 | Depths:2 | Lost mutation: Your muscles are strong. (Str +4, Int/Dex
                  | -1) [potion of mutation]
104745 | Depths:2 | Gained mutation: Your spells are a little harder to cast,
                  | but a little more powerful. [potion of mutation]
104783 | Depths:2 | Found a one-way gate leading to the halls of Pandemonium.
104831 | Depths:2 | Found a glowing silver altar of Zin.
105135 | Depths:3 | Found Lisil's Book Shop.
105825 | Depths:3 | Acquired 797 gold pieces
105986 | Depths:3 | Found a one-way gate to the infinite horrors of the Abyss.
106079 | Depths:3 | Noticed a juggernaut
106091 | Depths:3 | Killed a juggernaut
106314 | Depths:3 | Noticed a dread lich
106361 | Depths:3 | Killed a dread lich
106515 | Depths:3 | Found a one-way gateway to a ziggurat.
106529 | Zig:1    | Entered Level 1 of a ziggurat
106643 | Zig:2    | Entered Level 2 of a ziggurat
106649 | Zig:2    | Received a gift from Trog
106717 | Zig:3    | Entered Level 3 of a ziggurat
106726 | Zig:3    | Reached XP level 24. HP: 150/224 MP: 22/22
106741 | Zig:3    | HP: 11/327 [something (14)]
107092 | Zig:4    | Entered Level 4 of a ziggurat
107096 | Zig:4    | Noticed an ancient lich
107106 | Zig:4    | Killed an ancient lich
107174 | Zig:4    | Identified the +5 flail of Valour {freeze, Int+5 Dex+2
                  | Stlth-}
107182 | Zig:5    | Entered Level 5 of a ziggurat
107186 | Zig:5    | Noticed a juggernaut
107198 | Zig:5    | Killed a juggernaut
107262 | Zig:5    | Identified the staff of earth "Fugre" {rPois rC+ Str+4
                  | SInv}
107265 | Zig:5    | Identified the +0 halberd of Kycvups {vamp, Fly rN+ Str+2
                  | Int+2}
107273 | Zig:6    | Entered Level 6 of a ziggurat
107312 | Zig:6    | Identified the ring "Minnis" {rPois rC+++ MP+9 Dex-2 SInv}
107321 | Zig:6    | Identified the +2 flail of Wuames {flame, rN+ Int+3 Dex+2}
107324 | Zig:7    | Entered Level 7 of a ziggurat
107340 | Zig:7    | Reached skill level 15 in Stealth
107570 | Depths:3 | Received a gift from Trog
108000 | Depths:3 | Identified the +4 short sword "Myob" {heavy, rPois rF++
                  | Str+3 SInv}
108233 | Depths:4 | Entered Level 4 of the Depths
110354 | Depths:4 | Noticed Sojobo
110365 | Depths:4 | Killed Sojobo
110414 | Depths:4 | Noticed Saint Roka
110426 | Depths:4 | Killed Saint Roka
110925 | Depths:4 | Found a gate to the Realm of Zot.
112620 | Depths:4 | Found a sparkling altar of Nemelex Xobeh.
113044 | Vaults:4 | Lost mutation: Your spells are a little harder to cast, but
                  | a little more powerful. [potion of mutation]
113044 | Vaults:4 | Gained mutation: You are partially covered in iridescent
                  | scales. (AC +2) [potion of mutation]
113044 | Vaults:4 | Gained mutation: Your muscles are strong. (Str +4, Int/Dex
                  | -1) [potion of mutation]
113044 | Vaults:4 | Gained mutation: You have an increased reservoir of magic.
                  | (+10% MP) [potion of mutation]
113058 | Vaults:4 | Lost mutation: You have an increased reservoir of magic.
                  | (+10% MP) [potion of mutation]
113058 | Vaults:4 | Lost mutation: You are partially covered in iridescent
                  | scales. (AC +2) [potion of mutation]
113058 | Vaults:4 | Gained mutation: You are partially covered in iridescent
                  | scales. (AC +2) [potion of mutation]
113058 | Vaults:4 | Gained mutation: You expend magic power (3 MP) to
                  | strengthen your wands. [potion of mutation]
113059 | Vaults:4 | Lost mutation: You are partially covered in iridescent
                  | scales. (AC +2) [potion of mutation]
113059 | Vaults:4 | Lost mutation: You expend magic power (3 MP) to strengthen
                  | your wands. [potion of mutation]
113059 | Vaults:4 | Lost mutation: Your muscles are strong. (Str +4, Int/Dex
                  | -1) [potion of mutation]
113059 | Vaults:4 | Gained mutation: Your system is resistant to poisons.
                  | (rPois) [potion of mutation]
113060 | Vaults:4 | Lost mutation: Your system is resistant to poisons. (rPois)
                  | [potion of mutation]
113060 | Vaults:4 | Gained mutation: You occasionally lose the ability to drink
                  | potions when taking damage. [potion of mutation]
113060 | Vaults:4 | Gained mutation: You are strong-willed. (Will+) [potion of
                  | mutation]
113060 | Vaults:4 | Gained mutation: You are agile. (Dex +4, Str/Int -1)
                  | [potion of mutation]
113061 | Vaults:4 | Lost mutation: You are strong-willed. (Will+) [potion of
                  | mutation]
113061 | Vaults:4 | Lost mutation: You occasionally lose the ability to drink
                  | potions when taking damage. [potion of mutation]
113061 | Vaults:4 | Gained mutation: Your flesh is cold resistant. (rC+)
                  | [potion of mutation]
113061 | Vaults:4 | Gained mutation: Your magical capacity is low. (-10% MP)
                  | [potion of mutation]
113061 | Vaults:4 | Gained mutation: Your spells are a little harder to cast,
                  | but a little more powerful. [potion of mutation]
113062 | Vaults:4 | Lost mutation: Your magical capacity is low. (-10% MP)
                  | [potion of mutation]
113062 | Vaults:4 | Lost mutation: You are agile. (Dex +4, Str/Int -1) [potion
                  | of mutation]
113062 | Vaults:4 | Lost mutation: Your spells are a little harder to cast, but
                  | a little more powerful. [potion of mutation]
113062 | Vaults:4 | Gained mutation: You possess an exceptional clarity of
                  | mind. [potion of mutation]
113081 | Vaults:5 | Entered Level 5 of the Vaults
113095 | Vaults:5 | Reached XP level 25. HP: 162/236 MP: 22/22
113609 | Vaults:5 | Received a gift from Trog
113866 | Vaults:5 | Identified the +1 robe of the Shining One's Envy {Contam
                  | rElec Dex+8 Stlth-}
113993 | Vaults:5 | Noticed an ancient lich
113999 | Vaults:5 | Killed an ancient lich
114356 | Vaults:5 | Identified the +14 battleaxe of Infinity {flame, rElec rN+
                  | Int-4 Dex+3} (Trog gifted it to you on level 5 of the
                  | Vaults)
114356 | Vaults:5 | Received a gift from Trog
115901 | Vaults:5 | Identified the +6 mace "Ceisunui" {protect, rN+ Str+5
                  | Int-5}
116050 | Vaults:5 | Identified the +2 whip "Cynnis" {spect, rPois rC- Will+
                  | Str+2}
116087 | Vaults:5 | Identified the +7 bardiche of Joppewk {freeze, rN++ Str-2
                  | Int+5}
116303 | Vaults:5 | Found the +10 tower shield of Ignorance {rN+ Int-4}
116489 | Vaults:5 | Got a silver rune of Zot
117009 | Vaults:5 | Identified the +0 robe of Etiak {Int+2}
117959 | Abyss:2  | Found a shimmering altar of Xom.
117959 | Abyss:2  | Found a shimmering altar of Xom.
117959 | Abyss:2  | Found a shimmering altar of Xom.
117959 | Abyss:2  | Found a shimmering altar of Xom.
117959 | Abyss:2  | Found a shimmering altar of Xom.
117959 | Abyss:2  | Cast into level 2 of the Abyss (reaper)
118053 | Abyss:3  | Gained mutation: Armour fits poorly on your strangely
                  | shaped body. [a neqoxec]
118062 | Abyss:3  | Found a corrupted altar of Lugonu.
118068 | Abyss:3  | Identified the +6 dagger of Levity {flame, Drain rC+
                  | Stlth+} (Trog gifted it to you on level 3 of the Abyss)
118068 | Abyss:3  | Received a gift from Trog
118106 | Abyss:3  | Paralysed by a floating eye for 3 turns
118111 | Abyss:3  | Paralysed by a floating eye for 3 turns
118349 | Abyss:3  | Noticed an ancient lich
118361 | Abyss:3  | Killed an ancient lich
118373 | Hell     | Escaped the Abyss
118738 | Zot:1    | Entered Level 1 of the Realm of Zot
119797 | Zot:1    | Acquired 566 gold pieces
119903 | Zot:1    | Noticed an orb of fire
119912 | Zot:1    | Killed an orb of fire
119920 | Zot:1    | Reached XP level 26. HP: 242/246 MP: 8/22
120089 | Zot:1    | Found a transporter.
120129 | Zot:1    | Found a transporter.
120137 | Zot:1    | You fall into a shaft and drop 1 floor!
120400 | Zot:1    | Noticed an orb of fire
120415 | Zot:1    | Killed an orb of fire
120424 | Zot:1    | HP: 12/246 [red draconian/+2 halberd of protection (10)]
120424 | Zot:1    | HP: 2/246 [golden dragon (10)]
121091 | Zot:1    | Identified the amulet "Wuaptiv" {Spirit rElec MP+9}
121129 | Zot:1    | Identified the ring of Dugefu {rF+ EV+5}
121285 | Zot:2    | HP: 8/246 [black draconian knight/bolt of lightning (39)]
121296 | Zot:2    | Slain by a green draconian monk

Illustrated notes

Levels and vault maps discovered:
D:1:      roderic_chinese_lattice_arrival, layout_loops_ring,
          kennysheep_another_room, reono_crystal_passage
D:2:      layout_rooms, basic_altar, serial_shops, nicolae_shop_statue_plus,
          minmay_crystal_water
D:3:      layout_basic, mainiacjoe_overflow_boulevard,
          lemuel_zombie_altar_yredelemnul, uniq_robin
D:4:      cheibrodos_barr_body, layout_loops_corners,
          nicolae_overflow_hallway_of_the_gods, st_stairs_1,
          nicolae_shop_unique_rings, serial_bayou_pond_c, dk_noncrumbling_2,
          nicolae_titane
D:5:      layout_loops_ring, kennysheep_little_box
D:6:      layout_basic, nicolae_tso_carved_into_rock, serial_shops,
          nicolae_shop_behind_doors
D:7:      layout_basic, grunt_temple_overflow_champion_of_chaos,
          general_overflow_altar, minmay_temple_entry_crystal_x, serial_shops,
          nicolae_shop_crystal, minmay_misc_feat_tower, grunt_decor_fettered
D:8:      layout_loops_corners, lair_entry_dummy, uniq_grum, uniq_joseph
D:9:      layout_cave_pools, kennysheep_orc_monster_closet_entryway,
          kennysheep_path_1, grunt_potential
D:10:     layout_layer_cave, minmay_misc_feat_plants, roderic_roman_lattice
D:11:     layout_basic, serial_shops, nicolae_shop_statue_plus, uniq_harold,
          uniq_lodul
D:12:     layout_grid_maze
D:13:     layout_loops_ring, grunt_vaults_entry_tiered,
          gammafunk_ghost_nasty_kobolds, uniq_rupert
D:14:     layout_big_octagon, gammafunk_ghost_smash,
          nicolae_gozag_cash_rules_everything_around_me, uniq_roxanne
D:15:     hangedman_depths_entry_try_elsewhere_first, layout_cave_pods,
          chequers_serial_rivers_marsh
Lair:1:   layout_cave_pods, serial_bayou_pond_b, grunt_megastairs_5,
          serial_bayou_shore_b
Lair:2:   layout_cave_pods, nicolae_spider_entry_orb_guardian,
          portal_ice_cave_entry_ice_simulacra, chequers_serial_rivers_small_a,
          evilmike_ambush [evilmike_ambush_outer_basic,
          evilmike_ambush_inner_cross]
Lair:3:   layout_long_grid, nicolae_swamp_entry_splash_gauntlet,
          nicolae_quartered_pool_medium, kennysheep_abandoned_house,
          lemuel_fruit_tree
Lair:4:   layout_roguey, slime_entry_1, ebering_ghost_funeral_grove,
          grunt_megastairs_1
Lair:5:   minmay_lair_end_enchanted_forest, layout_long_grid
Swamp:1:  gammafunk_mikee_crab_dinner, layout_basic_swamp,
          evilmike_swamp_ruin_house_4
Swamp:2:  layout_basic_swamp, evilmike_swamp_ruin_rubble_2
Swamp:3:  layout_falls_marsh, nicolae_swamp_feature_on_the_river_bank, uniq_mara
Swamp:4:  nzn_swamp_witches_coven, layout_basic_swamp,
          infiniplex_staircase_pool_2, uniq_nikola
Spider:1: layout_spider_delve, gammafunk_ghost_tricky_traps
Spider:2: layout_spider_delve, nicolae_spider_undead_wolf_pack, uniq_arachne
Spider:3: layout_spider_delve, hellmonk_ghost_happy_afterlife,
          nicolae_arachne_temple
Spider:4: spider_rune_water, hangedman_spider_tarantella_strand
Orc:1:    layout_diamond_mine, serial_shops,
          nicolae_shop_temple_entry_statues_fountains, shop_statue, shop, shop,
          shop, elves_outpost_lemuel, uniq_sonja
Orc:2:    st_orc_rangers, layout_diamond_mine, nicolae_orc_rich_vein
Elf:1:    nicolae_elf_arrival_no_cutting_in_line, layout_geoelf_octagon,
          minmay_elf_crystal_heptagon
Elf:2:    nicolae_elf_blades_crystal_corner, layout_onion_city
Elf:3:    elf_hall, layout_onion_city, serial_shops, shop
Vaults:1: v_misc_26, grunt_vaults_funneled_arena, ontoclasm_vaults_chip,
          v_pattern_5, ontoclasm_vaults_bender, ontoclasm_vaults_loading_screen,
          nicolae_vaults_network_quinsquares
          [nicolae_vaults_network_quincunx_subvault,
          nicolae_vaults_network_quincunx_subvault,
          nicolae_vaults_network_quincunx_subvault,
          nicolae_vaults_network_quincunx_subvault],
          nicolae_vaults_circle_grid_b, nicolae_vaults_network_quincunx
          [nicolae_vaults_network_quincunx_subvault,
          nicolae_vaults_network_quincunx_subvault,
          nicolae_vaults_network_quincunx_subvault,
          nicolae_vaults_network_quincunx_subvault,
          nicolae_vaults_network_quincunx_subvault], hangedman_vaults_nails,
          grunt_vaults_focal, nicolae_vaults_rhombus_6, vaults_dpeg_hooks,
          layout_vaults_maze_bifur
Vaults:2: vaults_room_pool, grunt_vaults_twisty, v_rooms_4, v_misc_22,
          nicolae_vaults_big_angled_halls, minmay_crypt_entry_simple_walls,
          vaults_room_fours, vaults_standard_mumra_x,
          nicolae_vaults_an_arrangement, vaults_mumra_minichess,
          nicolae_vaults_yaktaur_gun_rack, nicolae_vaults_rhombus_7,
          layout_vaults_omnibox
Vaults:3: nicolae_vaults_hallways_thing, nicolae_vaults_ninety_degrees,
          grunt_vaults_hallway_long, vaults_dpeg_emergency_exit,
          vaults_room_corners, grunt_vaults_diagonal,
          nicolae_vaults_little_squares_1, special_room_vaults
          [special_room_orc], nicolae_vaults_little_squares_1,
          nicolae_vaults_ring_of_whatevers, ontoclasm_vaults_twist, v_misc_16,
          layout_vaults_big_room
Vaults:4: portal_desolation_entry_nicolae_nacl, ontoclasm_vaults_shuriken,
          v_pattern_4, nicolae_vaults_ring_of_whatevers,
          nicolae_vaults_three_branches, v_misc_29, nicolae_vaults_asterisk,
          nicolae_vaults_bisected_slash, ontoclasm_vaults_spin,
          ontoclasm_vaults_pinch, nicolae_vaults_angled_halls,
          grunt_vaults_hallway_short, layout_vaults_omnigrid, uniq_xtahua,
          uniq_jory
Vaults:5: serial_shops
Crypt:1:  hangedman_staggered_hall, layout_chaotic_city
Crypt:2:  layout_catacombs, st_stairs_9
Crypt:3:  due_elkab, layout_chaotic_city, tomb_entry_shell_bobbens,
          uniq_bai_suzhen
Tomb:1
Depths:1: layout_cave_pools, vehumet_crystals, hell_entry, dk_noncrumbling_3,
          library_closet, minmay_serpent_palace, uniq_asterion
Depths:2: minmay_firetagon, layout_cave_pools, serial_sigils_hangedman_writhe,
          rand_demon_pan_entry_9, hell_entry, serial_shops,
          nicolae_shop_waterfront, zin_treasury
Depths:3: kennysheep_oblong_rooms, layout_cave_shapes, enter_ziggurat_b,
          rand_demon_pan_entry_3, abyss_entry_crystal, serial_shops,
          nicolae_shop_statue_plus, hell_entry, minmay_large_rounded_square,
          serial_sigils_hangedman_shear, dispersion_dpeg
Depths:4: grunt_zot_entry_bicorn, layout_twisted_cross,
          nemelex_xobeh_ov_fountains_minmay, grunt_hell_horde, uniq_saint_roka,
          uniq_sojobo
Hell
Zot:1:    gammafunk_dig_for_victory, layout_basic, st_stairs_13
Zot:2:    gammafunk_sealed_library, layout_gridlike, grunt_ministairs_5

Skill      XL: |  1  2  3  4  5  6  7  8  9 10 11 12 13 14 15 16 17 18 19 20 21 22 23 24 25 26 |
---------------+-------------------------------------------------------------------------------+-----
Axes           | 4 5 6 8 9 11 12 13 15 16 18 19 20 21 22 23 24 | 24.0
Ranged Weapons | 1 2 3 4 6 8 9 10 12 13 15 16 17 18 19 20 21 22 23 24 | 24.2
Fighting       | 4 5 6 7 8 9 10 11 12 13 14 15 17 18 19 20 21 22 | 22.1
Throwing       | 3 6 8 10 11 13 14 17 19 | 19.3
Armour         | 3 5 7 8 10 11 12 14 15 16 18 19 20 21 22 23 | 23.5
Evocations     | 3 5 7 9 10 12 | 12.9
Stealth        | 3 4 6 7 8 11 13 14 16 17 | 17.7
Dodging        | 4 6 7 8 10 13 15 17 19 20 | 20.8

Action                     |  1- 3 |  4- 6 |  7- 9 | 10-12 | 13-15 | 16-18 | 19-21 | 22-24 | 25-27 || total
---------------------------+-------+-------+-------+-------+-------+-------+-------+-------+-------++-------
  Melee: Hand axe          |    40 |    19 |       |       |       |       |       |       |       ||    59
         Headbutt          |     7 |     5 |     6 |    19 |    58 |    66 |   181 |   163 |    93 ||   598
         Punch             |     1 |     1 |       |       |       |       |       |       |       ||     2
         War axe           |       |     2 |     9 |       |       |       |       |       |       ||    11
         Battleaxe         |       |       |    10 |   126 |   129 |       |     4 |   254 |   274 ||   797
         Executioner's axe |       |       |       |       |   122 |   279 |   592 |   309 |       ||  1302
   Fire: Sling             |    31 |    17 |       |       |       |       |       |       |       ||    48
         Arbalest          |       |    71 |   149 |   313 |   521 |   790 |   663 |   811 |   161 ||  3479
         Triple crossbow   |       |       |       |       |       |       |       |       |   134 ||   134
  Throw: Boomerang         |       |       |       |     2 |     2 |    18 |     6 |    19 |     9 ||    56
         Dart              |       |       |       |       |       |     4 |       |       |       ||     4
 Invoke: Berserk           |     2 |     1 |     2 |     6 |     5 |     2 |     2 |     6 |     3 ||    29
         Trog's Hand       |       |     1 |     2 |     9 |    14 |    21 |    19 |    20 |    19 ||   105
         Brothers in Arms  |       |       |       |       |     2 |     2 |     2 |     4 |       ||    10
Ability: Evoke Blink       |       |       |       |       |       |       |       |     1 |       ||     1
  Evoke: Wand              |       |       |       |     3 |     2 |     8 |     7 |     1 |     2 ||    23
         Tin of tremorston |       |       |       |       |       |     5 |       |       |     4 ||     9
         Box of beasts     |       |       |       |       |       |       |       |       |     2 ||     2
         Condenser vane    |       |       |       |       |       |       |       |       |     2 ||     2
    Use: Scroll            |     2 |     2 |    10 |    18 |     8 |     9 |     6 |    15 |     5 ||    75
         Potion            |       |     1 |       |     1 |     2 |     6 |     2 |     9 |    10 ||    31
   Stab: Confused          |       |       |       |       |     1 |     1 |       |       |       ||     2
         Distracted        |       |       |       |       |     1 |       |     1 |     6 |       ||     8
         Sleeping          |       |       |       |       |       |       |     1 |     5 |       ||     6
 Armour: Animal skin       |    14 |     4 |       |       |       |       |       |       |       ||    18
         Chain mail        |       |     1 |    49 |     8 |       |       |       |       |       ||    58
         Ring mail         |       |       |       |     3 |       |       |       |       |       ||     3
         Plate armour      |       |       |       |   205 |   467 |   511 |   422 |   318 |       ||  1923
         Gold dragon scale |       |       |       |       |       |       |       |    99 |   377 ||   476
  Dodge: Dodged            |    33 |    32 |    39 |    90 |   237 |   360 |   367 |   480 |   379 ||  2017
         Repelled          |       |       |       |       |       |     2 |       |       |    10 ||    12
  Block: Other             |       |       |       |       |    26 |   147 |   148 |   143 |   111 ||   575
         Reflection        |       |       |       |       |     2 |    12 |     5 |    16 |    12 ||    47

Table legend: (Time is in decaauts)
 A = Elapsed time spent in this place.
 B = Non-inter-level travel time spent in this place.
 C = Inter-level travel time spent in this place.
 D = Time resting spent in this place.
 E = Time spent auto-exploring this place.
 F = Levels seen in this place.
 G = Mean time per level.
                   A        B        C        D        E       F      G
               +--------+--------+--------+--------+--------+-----+--------+
         Total | 122828 | 115835 |   6993 |  70789 |  31097 |  59 | 2081.8 |
       Dungeon |  26052 |  22727 |   3325 |   9750 |  10283 |  15 | 1736.8 |
          Lair |  10629 |   9953 |    676 |   5588 |   3344 |   5 | 2125.8 |
         Swamp |  16714 |  16495 |    219 |  13779 |   1812 |   4 | 4178.5 |
   Spider Nest |  12416 |  12234 |    182 |   8652 |   2161 |   4 | 3104.0 |
  Orcish Mines |   3073 |   2865 |    208 |   1547 |    860 |   2 | 1536.5 |
   Elven Halls |  14567 |  14252 |    315 |  11069 |   1677 |   3 | 4855.7 |
        Vaults |  13001 |  12153 |    848 |   4771 |   5685 |   5 | 2600.2 |
         Crypt |   7393 |   6802 |    591 |   3273 |   2409 |   3 | 2464.3 |
          Tomb |   1230 |   1175 |     55 |    806 |      0 |   1 | 1230.0 |
        Depths |  13309 |  12811 |    498 |   8910 |   2508 |   4 | 3327.2 |
          Hell |     37 |     37 |      0 |      0 |      0 |   1 |   37.0 |
           Zot |   2594 |   2523 |     71 |   1565 |    329 |   2 | 1297.0 |
         Abyss |    426 |    426 |      0 |    154 |      0 |   2 |  213.0 |
      Ziggurat |   1029 |   1029 |      0 |    743 |     27 |   7 |  147.0 |
      Ice Cave |    353 |    353 |      0 |    177 |      0 |   1 |  353.0 |
               +--------+--------+--------+--------+--------+-----+--------+

Top non-repeatable levels by time:
   Elf:3: 10818 daAuts
     D:9: 7100 daAuts
Depths:1: 6727 daAuts
Spider:4: 5150 daAuts
 Swamp:1: 5081 daAuts
 Swamp:4: 4290 daAuts
 Crypt:3: 3843 daAuts
 Swamp:3: 3765 daAuts
  Lair:5: 3764 daAuts
 Swamp:2: 3576 daAuts
Spider:3: 3309 daAuts
Vaults:5: 3190 daAuts
Depths:4: 3150 daAuts
Vaults:4: 2978 daAuts
  Lair:1: 2813 daAuts
